 Dungeon Crawl Stone Soup version 0.28-a0-804-g60983d4ba9 (webtiles) character file.

Game seed: 1024122450072230523

4 iamoutofideas the Firebug (level 1, 0/13 HPs)
             Began as a Demonspawn Fire Elementalist on Nov 8, 2021.
             Frozen to death by an endoplasm (5 damage)
             ... on level 1 of the Dungeon.
             The game lasted 00:00:27 (167 turns).

iamoutofideas the Firebug (DsFE)                     Turns: 167, Time: 00:00:28

Health: 0/13       AC:  2    Str:  8    XL:     1   Next: 50%
Magic:  0/3        EV: 12    Int: 16    God:
Gold:   0          SH:  0    Dex: 13    Spells: 3/4 levels left

rFire   . . .      SeeInvis .   (no weapon)
rCold   . . .      Faith    .   (no shield)
rNeg    . . .      Spirit   .   a - +0 robe
rPois   .          Reflect  .   (no helmet)
rElec   .          Harm     .   (no cloak)
rCorr   .          Rampage  .   (no gloves)
Will    .....                   (no boots)
Stlth   ++........              (no amulet)
HPRegen 0.04/turn               (no ring)
MPRegen 0.08/turn               (no ring)

@: no status effects
A: no striking features
a: no special abilities


You were on level 1 of the Dungeon.
You visited 1 branch of the dungeon, and saw 1 of its levels.

Inventory:

Armour
 a - a +0 robe (worn)
Potions
 b - a potion of heal wounds {unknown}


   Skills:
 + Level 1.7 Dodging
 + Level 1.7 Stealth
 + Level 2.1 Spellcasting
 + Level 1.0 Conjurations
 + Level 2.8 Fire Magic


You had 3 spell levels left.
You knew the following spells:

 Your Spells              Type           Power      Damage    Failure   Level
a - Foxfire               Conj/Fire      28%        2x1d5     10%         1

Your spell library contained the following spells:

 Spells                   Type           Power      Damage    Failure   Level
 Scorch                   Fire           20%        2d6       10%         2
 Conjure Flame            Conj/Fire      7%         6-21      28%         3
 Inner Flame              Hex/Fire       6%         N/A       34%         3
 Flame Wave               Conj/Fire      7%         3d4       67%         4
 Hailstorm                Conj/Ice       3%         3d3       86%         4
 Ice Form                 Ice/Tmut       1%         N/A       90%         4
 Simulacrum               Ice/Necr       0%         N/A       100%        6


Dungeon Overview and Level Annotations

Branches:
Dungeon (1/15)

Altars:


Message History

The foxfire hits the jackal but does no damage.
The endoplasm hits you.
Your foxfire dissipates!
Casting: Foxfire (safe; 10% risk of failure)
Confirm with . or Enter, or press ? or * to list all spells.
You conjure some foxfire!
The jackal bites you. The endoplasm misses you.
Your foxfire dissipates!
The foxfire hits the jackal.
The jackal is heavily wounded.
The jackal closely misses you. The endoplasm barely misses you.
The jackal barely misses you. The jackal closely misses you.
The jackal closely misses you. The jackal misses you.
Casting: Foxfire (safe; 10% risk of failure)
Confirm with . or Enter, or press ? or * to list all spells.
You conjure some foxfire!
The jackal misses you.
The foxfire hits the endoplasm.
The endoplasm is severely wounded.
Your foxfire dissipates!
The jackal closely misses you.
The jackal bites you but does no damage.
The jackal bites you.
There is a staircase leading out of the dungeon here.
Casting: Foxfire (safe; 10% risk of failure)
Confirm with . or Enter, or press ? or * to list all spells.
You conjure some foxfire!
The jackal bites you. The jackal misses you.
The foxfire hits the jackal.
The jackal is heavily wounded.
The foxfire hits the jackal.
You kill the jackal!
The endoplasm freezes you.
You are frozen.
Casting: Foxfire (safe; 10% risk of failure)
Confirm with . or Enter, or press ? or * to list all spells.
You conjure some foxfire!
The endoplasm freezes you.
You are frozen.
You die...

≈≈≈≈.....≈.≈≈≈.≈....#.....#.##..†
≈≈......≈≈.≈.≈≈....##.....#.##.##
≈≈.....≈≈.≈≈≈..≈..........#.##.#
≈≈.<.≈≈≈≈≈≈≈≈≈≈......#......##.#
≈.....≈≈.≈≈≈≈..≈.....#.#....##.#
≈≈[≈....≈≈≈≈≈.≈≈.....#..#.#.##.#
≈≈≈≈.......≈≈≈≈...#.......#.##.#
≈≈≈≈≈≈≈.....≈...v.#....####.##.#
≈≈≈≈≈≈≈≈≈.##...J@.......# #.##.#
################v.........#....#
###.############# >.... .....##
......# ......# #.....


You could see an endoplasm (ally target).

Vanquished Creatures
  2 jackals (D:1)
  A ball python (D:1)
  A bat (D:1)
4 creatures vanquished.

Vanquished Creatures (others)
  13 foxfires (D:1)
13 creatures vanquished.

Grand Total: 17 creatures vanquished

Notes
Turn   | Place    | Note
-------+----------+-------------------------------------------
     0 | D:1      | iamoutofideas the Demonspawn Fire Elementalist began the
                  | quest for the Orb.
     0 | D:1      | Reached XP level 1. HP: 13/13 MP: 3/3
   167 | D:1      | Frozen to death by an endoplasm

Illustrated notes

Levels and vault maps discovered:
D:1:      dpeg_arrival_more_subterranean_lakeside_camping, layout_basic,
          serial_shops, nicolae_shop_overgrown_old_shop,
          dreamdust_ecumenical_altar_statues, minmay_quantized

Action                   || total
-------------------------++-------
 Cast: Foxfire           ||    12
Armor: Robe              ||     3
Dodge: Dodged            ||    13

Table legend: (Time is in decaauts)
 A = Elapsed time spent in this place.
 B = Non-inter-level travel time spent in this place.
 C = Inter-level travel time spent in this place.
 D = Time resting spent in this place.
 E = Time spent auto-exploring this place.
 F = Levels seen in this place.
 G = Mean time per level.
                   A        B        C        D        E       F      G
               +--------+--------+--------+--------+--------+-----+--------+
         Total |    168 |    168 |      0 |      0 |     91 |   1 |  168.0 |
       Dungeon |    168 |    168 |      0 |      0 |     91 |   1 |  168.0 |
               +--------+--------+--------+--------+--------+-----+--------+

Top non-repeatable levels by time:
     D:1: 168 daAuts
